Map: Lerilak Crest

Players

Elroye

  • Race: Zerg Zerg

HuK - Winner!

  • Race: Protoss Protoss
  • League: Grandmaster

Event: DreamHack ZOWIE Open Leipzig

VOD

Have the link to the VOD?

Description

Time

  • Played on: Jan. 22, 2016, 7:25 a.m.
  • Length: 16:29

All games in this series

Show
View Real Time Build Order
Export as new Build Order

Elroye Zerg 

Build Orders: Hatch First 

Get SALT Encoding   

  12  0:01  Drone  
  13  0:14  Overlord  
  13  0:17  Drone  
  14  0:32  Drone  
  14  0:33  Drone  
  16  0:36  Drone  
  17  0:52  Hatchery  
  17  0:56  Drone  
  17  0:58  Drone  
  17  1:03  Extractor  
  17  1:14  Spawning Pool  
  17  1:17  Drone  
  17  1:22  Drone  
  18  1:30  Drone  
  19  1:41  Drone  
  20  1:50  Overlord  
  20  2:01  Queen  
  20  2:04  Drone  
  20  2:05  Zergling x2, Queen  
  20  2:08  Metabolic Boost  
  26  2:13  Drone  
  27  2:16  Drone  
  28  2:23  Drone  
  28  2:27  Drone  
  30  2:36  Drone  
  31  2:39  Hatchery  
  31  2:43  Zergling x2  
  31  2:45  Zergling x2  
  31  2:48  Overlord  
  32  2:55  Queen  
  34  3:00  Overlord  
  34  3:02  Zergling x2  
  34  3:07  Zergling x2  
  34  3:11  Drone x3  
  38  3:20  Drone x3  
  41  3:31  Drone x3  
  41  3:32  Drone  
  45  3:39  Overlord  
  45  3:45  Drone x4  
  45  3:48  Queen  
  49  3:51  Drone x3  
  49  3:52  Drone  
  49  3:55  Overlord  
  55  4:03  Extractor  
  55  4:04  Drone, Extractor  
  55  4:06  Roach Warren, Drone  
  54  4:11  Lair  
  54  4:14  Drone x2  
  54  4:16  Drone  
  56  4:19  Drone x2  
  56  4:21  Drone  
  59  4:24  Drone  
  59  4:25  Drone  
  59  4:38  Overlord  
  59  4:39  Overlord  
  59  4:40  Drone x4  
  59  4:42  Overlord  
  63  4:47  Roach x3  
  63  4:48  Roach  
  63  4:51  Roach  
  73  4:55  Overlord  
  73  4:59  Extractor x2  
  71  5:03  Roach x3  
  71  5:04  Zergling x4  
  71  5:05  Zergling x4  
  81  5:14  Zergling x4  
  82  5:18  Glial Reconstitution  
  82  5:20  Drone x3  
  85  5:23  Drone  
  85  5:24  Drone x2  
  85  5:25  Drone  
  85  5:28  Extractor  
  88  5:31  Roach  
  88  5:39  Zergling x2  
  88  5:40  Zergling x8  
  93  5:49  Drone x4  
  96  5:54  Zergling x6  
  96  5:55  Zergling x4  
  93  6:06  Roach x2, Zergling x4  
  94  6:13  Roach x2  
  94  6:14  Roach x3  
  94  6:15  Ravager x2  
  106  6:21  Overlord x3  
  106  6:29  Overlord x3  
  106  6:36  Overlord  
  106  6:39  Ravager x2  
  113  6:40  Ravager x6  
  113  6:45  Roach x2, Zergling x2  
  119  6:48  Overlord  
  119  6:49  Drone  
  119  6:51  Drone  
  119  6:53  Drone  
  122  6:55  Ravager x2  
  117  7:09  Roach x4, Zergling x6  
  117  7:14  Roach x2  
  118  7:17  Roach, Zergling x2  
  118  7:18  Roach  
  118  7:21  Roach, Zergling x2  
  118  7:22  Roach  
  124  7:27  Zergling x4  
  124  7:31  Spire  
  123  7:37  Overseer  
  123  7:41  Overseer  
  123  7:42  Overseer  
  104  8:00  Drone  
  104  8:01  Drone x8  
  111  8:07  Drone  
  111  8:08  Drone  
  103  8:27  Drone  
  103  8:28  Drone x4  
  108  8:45  Mutalisk x6  
  108  8:48  Mutalisk  
  120  8:53  Overlord  
  120  8:55  Mutalisk, Zerg Flyer Weapons Level 1  
  122  8:56  Overlord  
  125  9:02  Zergling x2  
  125  9:06  Zergling x2  
  126  9:13  Zergling x4  
  126  9:14  Zergling x6  
  128  9:25  Zergling x12  
  134  9:34  Mutalisk x4  
  134  9:39  Mutalisk x3  
  134  9:42  Zergling x4  
  140  9:52  Mutalisk x2  
  134  9:55  Zergling x8  
  134  9:59  Mutalisk  
  142  10:02  Zergling x8  
  140  10:12  Mutalisk x2  
  140  10:13  Zergling x6  
  141  10:18  Mutalisk  
  142  10:21  Corruptor  
  142  10:22  Zergling x2  
  142  10:30  Mutalisk  
  142  10:31  Zergling x2  
  142  10:32  Zergling x10  
  140  10:37  Hatchery  
  140  10:41  Mutalisk x2  
  124  10:45  Zergling x8  
  128  10:56  Mutalisk x2  
  126  11:01  Mutalisk  
  126  11:02  Zergling x12  
  107  11:14  Mutalisk x2  
  107  11:15  Zergling x6  
  112  11:19  Mutalisk  
  112  11:20  Zergling x2  
  111  11:28  Corruptor  
  111  11:29  Zergling x4  
  114  11:42  Corruptor x2  
  114  11:43  Zergling x2  
  118  11:48  Corruptor  
  118  11:49  Hatchery  
  118  11:50  Extractor  
  118  11:55  Extractor  
  118  11:59  Corruptor  
  118  12:08  Drone  
  118  12:09  Drone x5  
  118  12:10  Queen  
  126  12:17  Mutalisk x2  
  126  12:19  Zergling x4  
  126  12:21  Hatchery  
  131  12:27  Corruptor  
  127  12:34  Overlord  
  127  12:35  Corruptor  
  128  12:44  Baneling Nest  
  127  12:46  Corruptor  
  127  12:48  Zergling x14  
  136  12:51  Evolution Chamber  
  136  12:55  Corruptor  
  136  12:57  Zergling x2  
  138  13:05  Corruptor  
  138  13:07  Corruptor  
  138  13:12  Zergling x10  
  147  13:13  Zergling x4  
  147  13:14  Zergling x2  
  147  13:15  Zergling x2  
  147  13:18  Corruptor x2  
  153  13:21  Overseer  
  153  13:24  Drone x3  
  153  13:25  Queen  
  156  13:28  Corruptor x2  
  156  13:37  Zerg Melee Weapons Level 1  
  156  13:38  Zergling x16  
  156  13:40  Drone  
  156  13:41  Drone x2  
  167  13:48  Corruptor x2  
  167  13:53  Drone x2  
  167  13:54  Mutalisk  
  175  13:59  Zerg Flyer Armor Level 1  
  175  14:00  Baneling x2  
  175  14:01  Baneling x2  
  175  14:06  Zergling x2  
  175  14:07  Zergling x6  
  178  14:21  Mutalisk  
  180  14:29  Zergling x14  
  180  14:30  Zergling x2  
  179  14:38  Mutalisk x4  
  147  14:39  Mutalisk x3  
  147  14:44  Mutalisk  
  145  14:47  Zergling x14  
  138  15:00  Mutalisk x3  
  138  15:03  Zergling x10  
  138  15:06  Zergling x4  
  124  15:21  Mutalisk x4  
  114  15:22  Zergling x8  
  107  15:33  Mutalisk x2  
  88  15:35  Zergling x2  
  88  15:36  Zergling x2  
  79  15:45  Zergling x6  
  79  15:49  Zergling x2  
  65  15:58  Zergling x2  
Show
View Real Time Build Order
Export as new Build Order

HuK Protoss - Winner!

Build Orders: Nexus First 

Get SALT Encoding   

  12  0:01  Probe (Chrono Boost)  
  13  0:11  Probe (Chrono Boost)  
  14  0:19  Pylon  
  14  0:22  Probe (Chrono Boost)  
  15  0:38  Probe (Chrono Boost)  
  16  0:48  Probe (Chrono Boost)  
  17  0:59  Nexus  
  17  1:07  Gateway  
  17  1:10  Probe (Chrono Boost)  
  18  1:16  Assimilator  
  18  1:21  Probe (Chrono Boost)  
  18  1:23  Assimilator  
  19  1:31  Probe (Chrono Boost)  
  20  1:36  Gateway  
  20  1:42  Probe (Chrono Boost)  
  21  1:53  Probe (Chrono Boost)  
  22  1:55  Cybernetics Core  
  22  2:03  Probe (Chrono Boost)  
  23  2:11  Probe (Chrono Boost)  
  23  2:14  Probe (Chrono Boost)  
  27  2:21  Probe (Chrono Boost)  
  28  2:25  Probe (Chrono Boost)  
  27  2:31  Probe (Chrono Boost)  
  27  2:32  Adept (Chrono Boost)  
  27  2:33  Adept (Chrono Boost), Warp Gate (Chrono Boost)  
  27  2:36  Mothership Core  
  34  2:44  Probe  
  35  2:56  Pylon  
  34  2:59  Probe (Chrono Boost)  
  34  3:02  Probe (Chrono Boost)  
  36  3:08  Sentry  
  38  3:14  Probe  
  38  3:16  Twilight Council, Pylon  
  38  3:19  Gateway  
  39  3:24  Probe  
  39  3:26  Probe  
  40  3:36  Probe, Forge  
  41  3:41  Gateway  
  41  3:42  Probe (Chrono Boost)  
  41  3:43  Sentry  
  44  3:48  Probe (Chrono Boost), Resonating Glaives (Chrono Boost)  
  44  3:54  Probe (Chrono Boost)  
  46  3:59  Probe (Chrono Boost)  
  47  4:04  Probe (Chrono Boost), Pylon  
  49  4:10  Probe (Chrono Boost)  
  49  4:11  Assimilator  
  49  4:14  Probe (Chrono Boost)  
  49  4:15  Assimilator  
  50  4:20  Probe (Chrono Boost)  
  50  4:24  Probe, Protoss Ground Weapons Level 1 (Chrono Boost)  
  52  4:32  Probe, Adept x3  
  52  4:34  Probe  
  60  4:44  Probe, Pylon  
  60  4:45  Robotics Facility  
  61  4:46  Probe  
  61  4:50  Pylon  
  62  5:03  Adept x2  
  62  5:04  Adept  
  62  5:05  Adept  
  70  5:15  Nexus  
  70  5:24  Pylon  
  70  5:25  Probe (Chrono Boost)  
  70  5:26  Pylon  
  71  5:35  Probe (Chrono Boost)  
  71  5:38  Immortal (Chrono Boost)  
  76  5:43  Dark Shrine  
  76  5:51  Probe  
  77  6:01  Probe  
  74  6:08  Probe  
  74  6:09  Immortal (Chrono Boost)  
  71  6:13  Adept x4  
  71  6:18  Gateway  
  83  6:20  Gateway  
  83  6:22  Gateway  
  83  6:23  Protoss Ground Weapons Level 2 (Chrono Boost)  
  83  6:26  Probe  
  83  6:30  Probe x2  
  86  6:38  Probe  
  87  6:41  Pylon  
  87  6:42  Probe x2  
  89  6:49  Pylon x2  
  89  6:50  Probe  
  89  6:51  Observer  
  89  6:52  Pylon x2  
  91  7:01  Dark Templar x2  
  91  7:02  Dark Templar  
  87  7:18  Adept x2  
  87  7:19  Adept  
  87  7:24  Immortal  
  87  7:27  Adept  
  87  7:29  Probe  
  90  7:31  Probe  
  90  7:43  Adept x2  
  90  7:44  Adept  
  87  8:00  Pylon  
  87  8:01  Pylon  
  87  8:02  Pylon  
  87  8:03  Pylon  
  87  8:05  Pylon  
  87  8:11  Pylon  
  85  8:14  Immortal, Nexus  
  89  8:24  Protoss Ground Weapons Level 3 (Chrono Boost)  
  89  8:26  Pylon  
  87  8:27  Mothership Core, Pylon  
  87  8:33  Adept x2  
  87  8:34  Adept x2  
  97  8:37  Sentry  
  99  8:42  Probe  
  100  8:51  Immortal, Stargate  
  100  8:53  Stargate  
  100  9:00  Probe x2  
  106  9:02  Assimilator  
  106  9:06  Sentry x2  
  106  9:07  Sentry, Assimilator  
  112  9:12  Probe  
  113  9:35  Stalker x4  
  119  9:41  Phoenix x2 (Chrono Boost)  
  121  9:51  Mothership Core  
  119  10:03  Stalker  
  119  10:04  Phoenix x2 (Chrono Boost)  
  121  10:21  Adept x3  
  120  10:25  Adept  
  120  10:26  Phoenix x2 (Chrono Boost)  
  124  10:47  Phoenix x2 (Chrono Boost)  
  126  11:04  Adept x3  
  128  11:06  Probe  
  128  11:09  Phoenix x2 (Chrono Boost)  
  103  11:31  Phoenix x2 (Chrono Boost)  
  103  11:32  Zealot x5  
  111  11:51  Pylon  
  111  11:52  Phoenix (Chrono Boost)  
  111  11:53  Stalker x2, Pylon, Phoenix (Chrono Boost)  
  111  11:54  Stalker x3, Pylon  
  122  12:07  Pylon, Protoss Air Weapons Level 1 (Chrono Boost)  
  122  12:12  Phoenix x2 (Chrono Boost)  
  126  12:19  Charge (Chrono Boost)  
  126  12:20  Zealot x5  
  134  12:32  Phoenix x2  
  138  12:42  Zealot x5  
  148  12:48  Fleet Beacon  
  148  12:57  Phoenix  
  148  12:59  Phoenix  
  152  13:07  Stalker  
  152  13:08  Stalker x4  
  162  13:21  Pylon  
  162  13:22  Pylon  
  162  13:38  Anion Pulse-Crystals (Chrono Boost)  
  162  13:43  Nexus  
  162  13:45  Protoss Air Weapons Level 2  
  162  13:50  Photon Cannon  
  162  13:54  Photon Cannon  
  162  14:00  Templar Archives  
  162  14:09  Zealot x3  
  162  14:33  Zealot x4  
  164  14:50  Phoenix  
  160  14:54  Phoenix  
  160  14:59  High Templar x5  
  172  15:10  Archon x2  
  146  15:29  Phoenix  
  146  15:34  Phoenix  
  132  15:50  Phoenix  
  126  15:59  Phoenix (Chrono Boost)  
  126  16:00  Pylon, Assimilator  
  126  16:01  Assimilator  
  126  16:02  Pylon  
  126  16:06  Pylon  
  110  16:25  Photon Cannon  
  112  16:27  Photon Cannon  
  112  16:28  Photon Cannon  

Tags
 
Add a new tag
Caveats
  • Supply blocks, unpowered buildings, or Contaminate may cause inaccurate times.
  • Supply counts are checked every 10 seconds.